MLB
ST. LOUIS CARDINALS @ SAN FRANCISCO GIANTS
09/01/2041
 
TOP OF THE 1ST
St. Louis Cardinals batting - Pitching for San Francisco Giants : LHP Stan Ledrew
Pitching: LHP Stan Ledrew
Batting: RHB José Días 0-0: Ball
1-0: Called Strike
1-1: Called Strike
1-2: Foul Ball, location: 3SF
1-2: Strikes out swinging
Batting: RHB Chris Alexander 0-0: Foul Ball, location: 3F
0-1: Foul Ball, location: 5F
0-2: Strikes out swinging
Batting: RHB Ed Johnson 0-0: Called Strike
0-1: Ball
1-1: Foul Ball, location: 5SF
1-2: Ball
2-2: Foul Ball, location: 5DF
2-2: Ground out 5-3 (Groundball, 5, EV 96.9 MPH)
Top of the 1st over - 0 runs, 0 hits, 0 errors, 0 left on base; St. Louis 0 - San Francisco 0
BOTTOM OF THE 1ST
San Francisco Giants batting - Pitching for St. Louis Cardinals : RHP Abel Hanson
Pitching: RHP Abel Hanson
Batting: LHB Paolo Pacheco 0-0: Foul Ball, location: 2F
0-1: Foul Ball, location: 2F
0-2: Ball
1-2: Ball
2-2: Foul Ball, location: 7LDF
2-2: Strikes out looking
Batting: RHB Luis Hernández 0-0: Called Strike
0-1: Ball
1-1: Ball
2-1: Ball
3-1: Base on Balls
Batting: RHB Pat Rice 0-0: Called Strike
Luis Hernández steals 2nd base (no throw)
0-1: Ball
1-1: Foul Ball, location: 2F
1-2: Ball
2-2: Strikes out swinging
Batting: LHB Mario Mendoza 0-0: Ball
1-0: Swinging Strike
1-1: Foul Ball, location: 2RF
1-2: Strikes out looking
Bottom of the 1st over - 0 runs, 0 hits, 0 errors, 1 left on base; St. Louis 0 - San Francisco 0
TOP OF THE 2ND
St. Louis Cardinals batting - Pitching for San Francisco Giants : LHP Stan Ledrew
Batting: SHB Pepe Robles 0-0: Called Strike
0-1: Foul Ball, location: 23F
0-2: Ball
1-2: Strikes out swinging
Batting: RHB Joe Silver 0-0: SINGLE (Groundball, 56D, EV 100.6 MPH)
Batting: RHB Kevin Hempsall 0-0: Called Strike
0-1: Called Strike
0-2: Ball
1-2: SINGLE (Flyball, 78S, EV 90.0 MPH)
Joe Silver to second
Batting: LHB Les Dufour 0-0: Called Strike
Joe Silver steals 3rd base
0-1: Called Strike
0-2: Strikes out swinging
Batting: LHB José Esparza 0-0: Called Strike
0-1: Ball
1-1: Called Strike
1-2: Ball
2-2: Fly out, F1 (Line Drive, P, EV 69.4 MPH)
Top of the 2nd over - 0 runs, 2 hits, 0 errors, 2 left on base; St. Louis 0 - San Francisco 0
BOTTOM OF THE 2ND
San Francisco Giants batting - Pitching for St. Louis Cardinals : RHP Abel Hanson
Batting: LHB Jeremy Price 0-0: Ball
1-0: Ground out 4-3 (Groundball, 4, EV 91.9 MPH)
Batting: RHB Lou MacDonald 0-0: Foul Ball, location: 7LMF
0-1: Fly out, F9 (Flyball, 9LM, EV 103.1 MPH)
Batting: RHB José Solís 0-0: Ball
1-0: Foul Ball, location: 9LSF
1-1: Swinging Strike
1-2: Ball
2-2: Ball
3-2: SINGLE (Groundball, 6MD, EV 95.0 MPH)
Batting: RHB Ron Account 0-0: Ball
1-0: Foul Ball, location: 9LMF
1-1: Ball
2-1: Ball
3-1: Foul Ball, location: 2F
3-2: Foul Ball, location: 2F
3-2: Base on Balls
José Solís to second
Batting: RHB Jesús Valentín 0-0: Ball
1-0: Called Strike
1-1: Ball
2-1: Fielders Choice at 2nd, 5-4 (Groundball, 56, EV 101.9 MPH)
Bottom of the 2nd over - 0 runs, 1 hit, 0 errors, 2 left on base; St. Louis 0 - San Francisco 0
TOP OF THE 3RD
St. Louis Cardinals batting - Pitching for San Francisco Giants : LHP Stan Ledrew
Batting: RHB Joel Farmer 0-0: Ground out 6-3 (Groundball, 6, EV 86.3 MPH)
Batting: RHB José Días 0-0: Called Strike
0-1: Fly out, F9 (Flyball, 9S, EV 84.4 MPH)
Batting: RHB Chris Alexander 0-0: Foul Ball, location: 2F
0-1: Called Strike
0-2: Ball
1-2: Foul Ball, location: 3F
1-2: Strikes out swinging
Top of the 3rd over - 0 runs, 0 hits, 0 errors, 0 left on base; St. Louis 0 - San Francisco 0
BOTTOM OF THE 3RD
San Francisco Giants batting - Pitching for St. Louis Cardinals : RHP Abel Hanson
Batting: LHB Paolo Pacheco 0-0: Fly out, F6 (Popup, 6MD, EV 50.0 MPH)
Batting: RHB Luis Hernández 0-0: Ball
1-0: Swinging Strike
1-1: Foul Ball, location: 25FF
1-2: Strikes out swinging
Batting: RHB Pat Rice 0-0: Ball
1-0: TRIPLE (Flyball, 9D, EV 92.5 MPH)
Batting: LHB Mario Mendoza 0-0: Ball
1-0: SINGLE (Groundball, 34D, EV 103.8 MPH)
Pat Rice scores
Batting: LHB Jeremy Price 0-0: Called Strike
0-1: Ball
1-1: SINGLE (Line Drive, 9S, EV 106.3 MPH)
Mario Mendoza to second
Batting: RHB Lou MacDonald 0-0: Ball
1-0: Swinging Strike
1-1: Called Strike
1-2: Reached on error, E4 (Groundball, 4MD, EV 100.6 MPH)
Mario Mendoza to third
Jeremy Price to second
Batting: RHB José Solís 0-0: Called Strike
0-1: Ball
1-1: Ball
2-1: Foul Ball, location: 5F
2-2: Fly out, F4 (Popup, 4, EV 54.4 MPH)
Bottom of the 3rd over - 1 run, 3 hits, 1 error, 3 left on base; St. Louis 0 - San Francisco 1
TOP OF THE 4TH
St. Louis Cardinals batting - Pitching for San Francisco Giants : LHP Stan Ledrew
Batting: RHB Ed Johnson 0-0: Ball
1-0: Called Strike
1-1: Ball
2-1: Called Strike
2-2: Ball
3-2: Fly out, F9 (Flyball, 89M, EV 91.9 MPH)
Batting: SHB Pepe Robles 0-0: Called Strike
0-1: Foul Ball, location: 2F
0-2: Foul Ball, location: 2F
0-2: Ball
1-2: Fly out, F9 (Flyball, 9, EV 88.8 MPH)
Batting: RHB Joe Silver 0-0: Swinging Strike
0-1: Ball
1-1: Called Strike
1-2: Ball
2-2: Foul Ball, location: 9LSF
2-2: Strikes out swinging
Top of the 4th over - 0 runs, 0 hits, 0 errors, 0 left on base; St. Louis 0 - San Francisco 1
BOTTOM OF THE 4TH
San Francisco Giants batting - Pitching for St. Louis Cardinals : RHP Abel Hanson
Batting: RHB Ron Account 0-0: Fly out, F8 (Flyball, 8LD, EV 98.8 MPH)
Batting: RHB Jesús Valentín 0-0: Ground out 5-3 (Groundball, 5L, EV 88.1 MPH)
Batting: LHB Paolo Pacheco 0-0: Ball
1-0: Called Strike
1-1: Ball
2-1: Fly out, F7 (Flyball, 78M, EV 90.0 MPH)
Bottom of the 4th over - 0 runs, 0 hits, 0 errors, 0 left on base; St. Louis 0 - San Francisco 1
TOP OF THE 5TH
St. Louis Cardinals batting - Pitching for San Francisco Giants : LHP Stan Ledrew
Batting: RHB Kevin Hempsall 0-0: Swinging Strike
0-1: Swinging Strike
0-2: Ball
1-2: Foul Ball, location: 2F
1-2: Ball
2-2: Foul Ball, location: 2F
2-2: Ground out U3 (Groundball, 3L, EV 87.5 MPH)
Batting: LHB Les Dufour 0-0: Foul Ball, location: 7LMF
0-1: Called Strike
0-2: Foul Ball, location: 7LDF
0-2: Ball
1-2: Strikes out swinging
Batting: LHB José Esparza 0-0: Called Strike
0-1: Ball
1-1: Ball
2-1: Foul Ball, location: 2F
2-2: Foul Ball, location: 5F
2-2: Foul Ball, location: 5SF
2-2: Ball
3-2: Foul Ball, location: 25F
3-2: Foul Ball, location: 9LDF
3-2: Fly out, F9 (Flyball, 89S, EV 75.0 MPH)
Top of the 5th over - 0 runs, 0 hits, 0 errors, 0 left on base; St. Louis 0 - San Francisco 1
BOTTOM OF THE 5TH
San Francisco Giants batting - Pitching for St. Louis Cardinals : RHP Abel Hanson
Batting: RHB Luis Hernández 0-0: Ball
1-0: Called Strike
1-1: Ball
2-1: Ball
3-1: SINGLE (Groundball, 34D, EV 103.1 MPH)
Batting: RHB Pat Rice 0-0: Called Strike
0-1: Ball
1-1: Foul Ball, location: 7LSF
1-2: Ground out 5-3 (Groundball, 56S, EV 73.1 MPH)
Luis Hernández to second
Batting: LHB Mario Mendoza 0-0: Ball
1-0: Called Strike
1-1: Foul Ball, location: 5SF
1-2: Ball
2-2: Fly out, F5 (Popup, 56S, EV 77.5 MPH)
Batting: LHB Jeremy Price 0-0: Ground out 4-3 (Groundball, 4, EV 100.6 MPH)
Bottom of the 5th over - 0 runs, 1 hit, 0 errors, 1 left on base; St. Louis 0 - San Francisco 1
TOP OF THE 6TH
St. Louis Cardinals batting - Pitching for San Francisco Giants : LHP Stan Ledrew
Batting: RHB Joel Farmer 0-0: Called Strike
0-1: Foul Ball, location: 5FF
0-2: Ball
1-2: Strikes out looking
Batting: RHB José Días 0-0: Swinging Strike
0-1: Called Strike
0-2: Foul Ball, location: 3DF
0-2: TRIPLE (Flyball, 78XD, EV 105.6 MPH)
Batting: RHB Chris Alexander 0-0: Ball
1-0: Swinging Strike
1-1: Swinging Strike
1-2: Fly out, F8 (Flyball, 89S, EV 89.4 MPH)
Batting: RHB Ed Johnson 0-0: Ball
1-0: Ball
Wild Pitch!
José Días scores
2-0: Ball
3-0: Called Strike
3-1: Foul Ball, location: 2F
3-2: Base on Balls
Batting: SHB Pepe Robles 0-0: Ball
1-0: Ball
2-0: Ball
3-0: Base on Balls
Ed Johnson to second
Batting: RHB Joe Silver 0-0: SINGLE (Groundball, P, EV 81.9 MPH) (infield hit)
Ed Johnson to third
Pepe Robles to second
Batting: RHB Kevin Hempsall 0-0: Fielders Choice at 3rd, U5 (Groundball, 5, EV 86.9 MPH)
Top of the 6th over - 1 run, 2 hits, 0 errors, 2 left on base; St. Louis 1 - San Francisco 1
BOTTOM OF THE 6TH
San Francisco Giants batting - Pitching for St. Louis Cardinals : RHP Abel Hanson
Batting: RHB Lou MacDonald 0-0: Called Strike
0-1: Fly out, F8 (Flyball, 8RD, EV 100.0 MPH)
Batting: RHB José Solís 0-0: Called Strike
0-1: Foul Ball, location: 7LDF
0-2: Ball
1-2: Strikes out swinging
Batting: RHB Ron Account 0-0: SINGLE (Line Drive, 8LS, EV 100.6 MPH)
Batting: RHB Jesús Valentín 0-0: Ball
1-0: Called Strike
1-1: SINGLE (Flyball, 3D, EV 88.1 MPH)
Ron Account to second
Runner from 2nd tries for 3rd, SAFE, throw by RF made to third
Batting: LHB Paolo Pacheco 0-0: Ball
1-0: Swinging Strike
1-1: Ball
2-1: Ball
3-1: Called Strike
3-2: Strikes out swinging
Bottom of the 6th over - 0 runs, 2 hits, 0 errors, 2 left on base; St. Louis 1 - San Francisco 1
TOP OF THE 7TH
St. Louis Cardinals batting - Pitching for San Francisco Giants : LHP Stan Ledrew
Pitching: RHP Mike Thomas
Batting: LHB Les Dufour 0-0: Ball
1-0: SINGLE (Groundball, 6M, EV 108.8 MPH)
Batting: LHB José Esparza 0-0: Ball
1-0: Ball
2-0: Ball
3-0: 2-RUN HOME RUN (Flyball, 8LXD, EV 111.3 MPH), Distance : 430 ft
Batting: RHB Joel Farmer 0-0: Foul Ball, location: 2F
0-1: Ball
1-1: Swinging Strike
1-2: Strikes out swinging
Batting: RHB José Días 0-0: Called Strike
0-1: Ball
1-1: Ball
2-1: Called Strike
2-2: Foul Ball, location: 9LDF
2-2: SINGLE (Line Drive, 89S, EV 98.1 MPH)
Batting: RHB Chris Alexander 0-0: Ball
1-0: Called Strike
1-1: Grounds into double play, 4-6-3 (Groundball, 4, EV 109.4 MPH)
Top of the 7th over - 2 runs, 3 hits, 0 errors, 0 left on base; St. Louis 3 - San Francisco 1
BOTTOM OF THE 7TH
San Francisco Giants batting - Pitching for St. Louis Cardinals : RHP Abel Hanson
Pitching: RHP José Manuel
Batting: RHB Luis Hernández 0-0: Ground out U3 (Groundball, 34, EV 81.3 MPH)
Batting: RHB Pat Rice 0-0: Ground out 5-3 (Groundball, 5S, EV 80.6 MPH)
Batting: LHB Mario Mendoza 0-0: Ball
1-0: Ball
2-0: Ball
3-0: Called Strike
3-1: Foul Ball, location: 2F
3-2: Foul Ball, location: 2F
3-2: Base on Balls
Batting: LHB Jeremy Price 0-0: Called Strike
0-1: Swinging Strike
0-2: Ball
1-2: Strikes out looking
Bottom of the 7th over - 0 runs, 0 hits, 0 errors, 1 left on base; St. Louis 3 - San Francisco 1
TOP OF THE 8TH
St. Louis Cardinals batting - Pitching for San Francisco Giants : RHP Mike Thomas
Batting: RHB Ed Johnson 0-0: Called Strike
0-1: Fly out, F8 (Flyball, 8RM, EV 90.0 MPH)
Pitching: RHP Juan Barrera
Batting: SHB Pepe Robles 0-0: Ball
1-0: Called Strike
1-1: Foul Ball, location: 3F
1-2: Ball
2-2: Foul Ball, location: 9LSF
2-2: Ground out 5-3 (Groundball, 5, EV 100.0 MPH)
Batting: RHB Joe Silver 0-0: Reached on error, E1 (Groundball, 15, EV 61.3 MPH)
Batting: RHB Kevin Hempsall 0-0: Called Strike
0-1: Ball
1-1: Ball
2-1: Foul Ball, location: 9LMF
2-2: 2-RUN HOME RUN (Flyball, 9LD, EV 91.3 MPH), Distance : 332 ft
Batting: LHB Les Dufour 0-0: Ball
1-0: SINGLE (Line Drive, 9S, EV 105.0 MPH)
Batting: LHB José Esparza 0-0: Ball
1-0: Ground out 4-3 (Groundball, 4S, EV 68.1 MPH)
Top of the 8th over - 2 runs, 2 hits, 1 error, 1 left on base; St. Louis 5 - San Francisco 1
BOTTOM OF THE 8TH
San Francisco Giants batting - Pitching for St. Louis Cardinals : RHP José Manuel
Batting: RHB Lou MacDonald 0-0: Ground out U3 (Groundball, 3L, EV 86.3 MPH)
Batting: RHB José Solís 0-0: Foul Ball, location: 2F
0-1: Foul Ball, location: 9LSF
0-2: Ground out 6-3 (Groundball, 6S, EV 67.5 MPH)
Batting: RHB Ron Account 0-0: Swinging Strike
0-1: Ball
1-1: Ball
2-1: SINGLE (Flyball, 6MD, EV 91.3 MPH)
Batting: RHB Jesús Valentín 0-0: Called Strike
0-1: Swinging Strike
0-2: Foul Ball, location: 5F
0-2: Strikes out swinging
Bottom of the 8th over - 0 runs, 1 hit, 0 errors, 1 left on base; St. Louis 5 - San Francisco 1
TOP OF THE 9TH
St. Louis Cardinals batting - Pitching for San Francisco Giants : RHP Juan Barrera
Pitching: RHP José Batista
Pinch Hitting: RHB Daisuke Watanabe 0-0: Ball
1-0: Ball
2-0: SOLO HOME RUN (Flyball, 9LD, EV 96.3 MPH), Distance : 351 ft
Batting: RHB José Días 0-0: Ball
1-0: Ball
2-0: Hit by Pitch, AND HE CHARGES THE MOUND! The benches clear!
Pitching: RHP Steve Barlow
Pinch Runner at 1st Sexto Córdova:
Batting: RHB Chris Alexander 0-0: Foul Ball, location: 2F
0-1: SINGLE (Groundball, 34D, EV 102.5 MPH)
Sexto Córdova to second
Batting: RHB Ed Johnson 0-0: Called Strike
0-1: Foul Ball, location: 2F
0-2: Ball
1-2: Ball
2-2: 3-RUN HOME RUN (Flyball, 7D, EV 105.6 MPH), Distance : 413 ft
Batting: SHB Pepe Robles 0-0: Ball
1-0: Ball
2-0: Called Strike
2-1: Ball
3-1: Base on Balls
Pinch Hitting: RHB Ben Heap 0-0: Ball
1-0: Called Strike
1-1: Ball
2-1: Fly out, F4 (Popup, 4M, EV 76.3 MPH)
Batting: RHB Kevin Hempsall 0-0: SINGLE (Groundball, 34D, EV 100.6 MPH)
Pepe Robles to second
Runner from 2nd tries for 3rd, SAFE, throw by RF made to third
Kevin Hempsall to second
Batting: LHB Les Dufour 0-0: Foul Ball, location: 2F
0-1: Foul Ball, location: 9LSF
0-2: Ball
1-2: Foul Ball, location: 9LDF
1-2: Strikes out looking
Batting: LHB José Esparza 0-0: Ball
1-0: Ball
2-0: Foul Ball, location: 2F
2-1: Foul Ball, location: 23F
2-2: Ground out U3 (Groundball, 3L, EV 80.0 MPH)
Top of the 9th over - 4 runs, 4 hits, 0 errors, 2 left on base; St. Louis 9 - San Francisco 1
BOTTOM OF THE 9TH
San Francisco Giants batting - Pitching for St. Louis Cardinals : RHP José Manuel
Now at C: Tomás Quezada
Now at 3B: Ben Heap
Now in CF: Daisuke Watanabe
Batting: LHB Paolo Pacheco 0-0: Foul Ball, location: 2F
0-1: Foul Ball, location: 7LSF
0-2: Fly out, F8 (Flyball, 8LXD, EV 101.3 MPH)
Batting: RHB Luis Hernández 0-0: Swinging Strike
0-1: Called Strike
0-2: Strikes out swinging
Batting: RHB Pat Rice 0-0: Called Strike
0-1: Called Strike
0-2: Ball
1-2: Ground out 5-3 (Groundball, 5, EV 85.0 MPH)
Bottom of the 9th over - 0 runs, 0 hits, 0 errors, 0 left on base; St. Louis 9 - San Francisco 1
Sunday, March 24th , 2024 - OOTP Baseball 24.10 Build 82